Map: Port Aleksander LE

Players

Astrea - Winner!

  • Race: Protoss Protoss
  • League: Grandmaster
  • Spawn Location: 11:00

Probe

  • Race: Protoss Protoss
  • League: Master
  • Spawn Location: 5:00

Event: 2019 WCS Winter Americas

VOD

Have the link to the VOD?

Description

Time

  • Played on: March 24, 2019, 11:51 a.m.
  • Length: 10:59

All games in this series

Show
View Real Time Build Order
Export as new Build Order

Astrea Protoss - Winner!

Build Orders: Phoenix Opening 

Get SALT Encoding   

  12  0:01  Probe  
  13  0:13  Probe  
  14  0:18  Pylon  
  14  0:24  Probe  
  15  0:32  Probe  
  15  0:37  Gateway  
  15  0:40  Probe  
  16  0:46  Assimilator  
  17  0:51  Probe  
  17  0:56  Assimilator  
  18  0:59  Probe  
  19  1:07  Probe  
  20  1:14  Gateway  
  20  1:17  Probe  
  20  1:24  Cybernetics Core  
  21  1:30  Probe  
  22  1:37  Pylon  
  22  1:42  Probe  
  23  1:50  Warp Gate  
  23  1:55  Probe  
  18  2:01  Stalker x2  
  24  2:07  Probe  
  29  2:13  Pylon  
  29  2:19  Probe  
  30  2:31  Stalker x2  
  30  2:33  Probe  
  35  2:45  Probe  
  35  2:46  Pylon  
  36  2:59  Probe  
  36  3:02  Sentry  
  36  3:04  Sentry  
  41  3:18  Nexus  
  41  3:20  Probe  
  41  3:24  Shield Battery  
  42  3:36  Robotics Facility  
  42  3:38  Phoenix, Sentry  
  44  3:42  Stalker  
  44  3:44  Probe  
  47  3:52  Pylon  
  47  4:11  Stalker x2  
  47  4:15  Probe  
  52  4:17  Twilight Council  
  52  4:21  Pylon  
  52  4:27  Probe  
  53  4:34  Blink  
  53  4:35  Probe  
  53  4:37  Probe  
  54  4:43  Stalker, Probe  
  54  4:44  Stalker  
  54  4:45  Probe  
  59  4:51  Probe  
  61  4:53  Probe  
  63  5:01  Probe  
  63  5:05  Probe  
  63  5:11  Stalker  
  63  5:13  Probe  
  66  5:17  Robotics Facility  
  67  5:22  Assimilator  
  67  5:25  Assimilator  
  66  5:36  Stalker  
  66  5:37  Stalker  
  62  5:51  Probe  
  59  6:03  Stalker x2  
  53  6:09  Immortal  
  51  6:12  Probe x2  
  53  6:24  Probe  
  58  6:30  Stalker, Probe  
  58  6:32  Adept  
  63  6:36  Probe  
  64  6:41  Observer  
  64  6:42  Probe  
  65  6:48  Probe  
  65  6:50  Nexus  
  65  6:51  Pylon  
  65  6:53  Stalker  
  65  6:54  Stalker, Probe  
  71  7:01  Probe  
  73  7:06  Probe  
  74  7:13  Probe  
  75  7:18  Stalker x2  
  75  7:19  Probe  
  80  7:25  Probe  
  80  7:29  Warp Prism  
  81  7:31  Forge  
  81  7:33  Pylon  
  83  7:39  Protoss Ground Weapons Level 1, Probe  
  83  7:41  Probe  
  85  7:45  Charge, Gateway  
  85  7:47  Gateway  
  85  7:49  Observer  
  85  7:50  Templar Archives  
  85  8:02  Gateway  
  85  8:03  Gateway  
  85  8:05  Gateway  
  85  8:07  Gateway  
  85  8:16  Zealot, Sentry  
  85  8:17  Observer  
  89  8:25  Observer  
  89  8:26  Observer  
  89  8:35  Immortal  
  89  8:38  Pylon  
  91  8:43  Zealot x4  
  99  8:56  Pylon  
  99  8:57  Pylon  
  99  9:01  Zealot  
  99  9:02  Zealot x2  
  105  9:03  Zealot x2  
  105  9:04  Zealot x2  
  105  9:06  Zealot  
  115  9:23  Immortal  
  113  9:27  High Templar x3  
  113  9:28  High Templar x3  
  113  9:29  Zealot x2  
  117  9:32  Archon  
  117  9:33  Archon x2  
  121  9:51  Photon Cannon, Pylon  
  121  9:55  Zealot x2  
  121  9:56  Observer  
  115  10:03  Zealot x6  
  127  10:12  Immortal  
  131  10:24  Zealot, High Templar x2  
  131  10:25  Zealot x2  
  131  10:28  Pylon x2  
  141  10:29  Archon  
  139  10:45  Zealot x2  
  139  10:46  Zealot x2  
Show
View Real Time Build Order
Export as new Build Order

Probe Protoss 

Build Orders: Oracle Opening 

Get SALT Encoding   

  12  0:01  Probe  
  13  0:13  Probe  
  14  0:18  Pylon  
  14  0:24  Probe  
  15  0:32  Probe  
  15  0:39  Gateway  
  15  0:40  Probe  
  16  0:47  Assimilator  
  17  0:51  Probe  
  17  0:55  Assimilator  
  18  0:59  Probe  
  19  1:07  Probe  
  19  1:12  Gateway  
  19  1:17  Probe  
  21  1:26  Cybernetics Core  
  21  1:30  Probe  
  22  1:35  Pylon  
  22  1:42  Probe  
  23  1:54  Probe  
  24  2:03  Warp Gate, Adept x2  
  24  2:06  Probe  
  29  2:10  Pylon  
  29  2:20  Stargate  
  29  2:33  Adept x2  
  33  2:44  Shield Battery  
  33  3:05  Oracle  
  36  3:07  Pylon  
  35  3:14  Robotics Facility  
  35  3:16  Gateway  
  35  3:32  Shield Battery  
  35  3:45  Oracle  
  38  3:51  Adept  
  38  3:52  Adept  
  38  3:55  Pylon  
  42  4:17  Nexus  
  42  4:24  Oracle  
  45  4:35  Stalker  
  45  4:36  Stalker  
  49  4:48  Pylon  
  49  4:55  Stalker  
  51  5:06  Stalker x2  
  55  5:10  Probe  
  56  5:19  Probe  
  56  5:26  Probe  
  56  5:27  Probe  
  57  5:35  Probe  
  59  5:36  Probe  
  61  5:45  Probe  
  56  5:50  Probe  
  56  5:53  Immortal  
  54  5:57  Probe  
  54  6:02  Probe  
  50  6:07  Twilight Council  
  50  6:09  Probe  
  49  6:12  Sentry, Forge  
  49  6:14  Probe  
  50  6:21  Probe  
  50  6:24  Sentry  
  51  6:26  Probe, Shield Battery  
  51  6:30  Immortal  
  52  6:33  Probe  
  52  6:38  Probe  
  58  6:41  Probe  
  58  6:45  Protoss Ground Weapons Level 1  
  59  6:49  Probe  
  59  6:50  Probe  
  59  6:53  Assimilator  
  61  6:54  Assimilator  
  61  7:00  Probe  
  61  7:02  Probe  
  61  7:08  Zealot x2  
  67  7:11  Immortal  
  67  7:14  Probe  
  70  7:17  Shield Battery  
  70  7:18  Pylon  
  70  7:22  Shield Battery  
  70  7:25  Zealot  
  70  7:33  Zealot, Sentry  
  70  7:35  Probe x2  
  76  7:37  Pylon  
  76  7:41  Pylon x2, Warp Prism  
  76  7:43  Pylon  
  76  7:45  Charge  
  78  8:05  Protoss Ground Weapons Level 2  
  78  8:08  Pylon  
  78  8:15  Gateway  
  78  8:16  Gateway  
  78  8:19  Gateway  
  78  8:20  Gateway  
  78  8:25  Gateway  
  78  8:27  Templar Archives  
  76  8:36  Zealot x3  
  82  8:52  Observer  
  83  9:01  Stalker x2, Zealot  
  81  9:10  Zealot  
  81  9:17  Stalker x2  
  81  9:22  High Templar  
  81  9:23  High Templar  
  89  9:30  Pylon  
  87  9:33  Pylon  
  87  9:37  Archon  
  87  9:44  Phoenix  
  87  9:47  Stalker x2  
  91  9:58  Zealot x2, High Templar x2  
  91  9:59  Zealot  
  101  10:04  Archon  
  101  10:15  Zealot x3  
  107  10:47  Zealot x3  
  105  10:50  Nexus  
Tags
 
Add a new tag
Caveats
  • Supply blocks, unpowered buildings, or Contaminate may cause inaccurate times.
  • Supply counts are checked every 10 seconds.